 Dungeon Crawl Stone Soup version 0.24.0-1-gfbc8707 (webtiles) character file.

Game seed: 15049019094948665808, levelgen mode: deterministic

1649 Inchmeat the Cleaver (level 9, -6/68 HPs)
             Began as a Hill Orc Gladiator on Oct 26, 2019.
             Was a Priest of Zin.
             Mangled by a yak (11 damage)
             ... on level 6 of the Dungeon.
             The game lasted 00:08:15 (6595 turns).

Inchmeat the Cleaver (Hill Orc Gladiator)           Turns: 6595, Time: 00:08:16

Health: -6/68      AC: 10    Str: 19    XL:     9   Next: 0%
Magic:  9/9        EV:  8    Int:  8    God:    Zin [***...]
Gold:   269        SH:  7    Dex: 13    Spells: 8/8 levels left

rFire    . . .     SeeInvis .   a - +0 war axe
rCold    . . .     Gourm    .   k - +2 buckler
rNeg     . . .     Faith    .   w - +0 chain mail
rPois    .         Spirit   .   c - +0 helmet
rElec    .         Reflect  .   (no cloak)
rCorr    +         Harm     .   (no gloves)
MR       .....                  e - +0 pair of boots
Stlth    ..........             (no amulet)
HPRegen  0.21/turn              q - +3 ring of slaying
MPRegen  0.11/turn              u - ring of resist corrosion

@: no status effects
A: no striking features
a: Recite, Vitalisation, Imprison, Donate Gold, Renounce Religion


You were on level 6 of the Dungeon.
You worshipped Zin.
Zin was most pleased with you.
You were not hungry.

You visited 1 branch of the dungeon, and saw 6 of its levels.

You collected 298 gold pieces.
You donated 29 gold pieces to Zin.

Inventory:

Hand Weapons
 a - a +0 war axe (weapon)
Missiles
 o - 18 poisoned darts (quivered)
 v - 2 boomerangs
Armour
 c - a +0 helmet (worn)
 e - a +0 pair of boots (worn)
 k - a +2 buckler (worn)
 w - a +0 chain mail (worn)
 y - a +0 scale mail of cold resistance
Jewellery
 q - a +3 ring of slaying (left hand)
 u - a ring of resist corrosion (right hand)
 B - a cursed ring of attention {unknown}
 D - an uncursed ring of protection from fire {unknown}
Scrolls
 b - 2 scrolls of fog {unknown}
 h - a scroll of immolation {unknown}
 i - 2 scrolls of fear {unknown}
 j - 2 scrolls of remove curse {unknown}
 l - 2 scrolls of random uselessness {unknown}
 p - 3 scrolls of teleportation
 t - a scroll of magic mapping {unknown}
 x - 2 scrolls of amnesia {unknown}
Potions
 g - 2 potions of lignification {unknown}
 m - 3 potions of flight
 n - 5 potions of haste
 r - a potion of degeneration {!q}
 s - a potion of magic
 z - 2 potions of heal wounds
 A - 2 potions of curing {@q1}
 C - a potion of agility {unknown}
Comestibles
 f - 10 rations


   Skills:
 - Level 2.4 Fighting
 + Level 13.3 Axes
 - Level 1.7 Throwing
 - Level 2.4 Dodging
 - Level 4.4 Shields


You had 8 spell levels left.
You didn't know any spells.
Your spell library contained the following spells:

 Spells                   Type           Power        Failure   Level  Hunger
 Animate Skeleton         Necr           N/A          99%         1    ##.....
 Apportation              Tloc           #.....       99%         1    ##.....
 Confusing Touch          Hex            #.....       99%         1    ##.....
 Summon Small Mammal      Summ           #...         99%         1    ##.....


Dungeon Overview and Level Annotations

Branches:
Dungeon (6/15)
 Temple: D:4-7

Altars:
Zin


Message History

Ye barely miss tha yak.
Tha yak be moderately wounded.
Yer chain mail prevents ye from hittin' tha yak.
Tha yak be moderately wounded.
Tha yak gores ye!
* * * LOW HITPOINT WARNIN'
* * * Ye hit tha yak.
Tha yak be heavily wounded.
Tha yak gores ye.
* * * LOW HITPOINT WARNIN'
* * * Ye slash tha yak!
Tha yak be severely wounded.
Tha yak gores ye.
* * * LOW HITPOINT WARNIN'
* * * Throwin' (i - inventory. (/) - cycle)
d - a throwin' net (quiv'red)
Press: ? - help, Shift-Dir - straight line, f - yak
Aim: a yak (severely wounded) Ye throw a throwin' net.
Tha throwin' net barely misses tha yak.
Tha yak gores ye!
Ye die...

.### #.... .# #.#.. .#
#.### .####...... # # #
.##.### .......!!.. .#.
. ....... .####.. ...
#(#.# #. # .# .. #.#.# #
# #.### .# #. #Y#.#.#.#
##...# .####### #.##
##@....... #..)..
.......#
#..###..................
######.#
##..†)÷..##########..>..
# #!# #...#....# ##...#
# ##.###.#.####.# #.##.
#####........# .# #. #.
...##..###$### .# #. .#
#............. .. #..#
#..##..###.##.# ##


You could see a yak.

Vanquished Creatures
  A hippogriff (D:6)
  An ice beast (D:6)
  An ogre (D:6)
  A sky beast (D:5)
  A phantom (D:6)
  A centaur (D:6)
  A big kobold (D:6)
  2 bullfrogs (D:6)
  A wyvern zombie (D:5)
  A wight (D:6)
  2 howler monkeys (D:6)
  2 bullfrog zombies (D:6)
  3 crimson imps
  A centaur zombie (D:6)
  2 jellies
  A hound (D:5)
  An orc priest (D:5)
  A bullfrog skeleton (D:5)
  An orc wizard (D:5)
  4 worker ants
  A hound skeleton (D:6)
  A howler monkey skeleton (D:4)
  2 adders (D:6)
  4 gnolls (D:5)
  A shadow imp (D:5)
  4 worms
  2 dart slugs
  5 leopard geckos
  9 orcs
  5 giant cockroaches
  11 goblins
  2 hobgoblins
  8 jackals
  9 kobolds
  5 quokkas
  A ball python (D:2)
  13 bats
  6 frilled lizards
  8 rats
126 creatures vanquished.

Notes
Turn   | Place    | Note
-------+----------+-------------------------------------------
     0 | D:1      | Inchmeat the Hill Orc Gladiator began the quest for the
                  | Orb.
     0 | D:1      | Reached XP level 1. HP: 18/18 MP: 1/1
   102 | D:1      | Reached XP level 2. HP: 15/25 MP: 2/2
   345 | D:1      | Reached skill level 5 in Axes
   472 | D:1      | Reached XP level 3. HP: 22/30 MP: 3/3
  1244 | D:2      | Reached skill level 6 in Axes
  1323 | D:2      | Reached XP level 4. HP: 37/37 MP: 4/4
  2017 | D:3      | Reached skill level 7 in Axes
  2500 | D:3      | Found a glowing silver altar of Zin.
  2513 | D:3      | Became a worshipper of Zin the Law-Giver
  2513 | D:3      | Reached * piety under Zin
  2757 | D:3      | Reached XP level 5. HP: 38/42 MP: 5/5
  3029 | D:4      | Found Giutiomu's General Store.
  3519 | D:4      | Reached skill level 8 in Axes
  3554 | D:4      | Reached ** piety under Zin
  3976 | D:5      | Entered Level 5 of the Dungeon
  4015 | D:5      | Reached XP level 6. HP: 48/50 MP: 6/6
  4042 | D:5      | Reached skill level 9 in Axes
  4514 | D:5      | Reached skill level 10 in Axes
  4514 | D:5      | Reached XP level 7. HP: 10/56 MP: 7/7
  5655 | D:6      | Reached skill level 11 in Axes
  5755 | D:6      | Reached skill level 12 in Axes
  5755 | D:6      | Reached XP level 8. HP: 22/62 MP: 8/8
  5972 | D:6      | Reached *** piety under Zin
  6138 | D:6      | Reached skill level 1 in Shields
  6536 | D:6      | Noticed a hippogriff
  6545 | D:6      | Killed a hippogriff
  6545 | D:6      | Reached skill level 13 in Axes
  6550 | D:6      | Reached XP level 9. HP: 39/68 MP: 9/9
  6595 | D:6      | Mangled by a yak

Levels and vault maps discovered:
D:1:      dpeg_arrival_prison, layout_basic
D:2:      layout_basic, grunt_ministairs_11, serial_park_tiny_1
D:3:      layout_basic, overflow_temple_1_default, first_ration
D:4:      layout_basic, serial_shops, shop
D:5:      layout_loops_corners
D:6:      minmay_chambers_of_fours, layout_loops_ring, minmay_manual_maat

Skill      XL: |  1  2  3  4  5  6  7  8 |
---------------+-------------------------+-----
Axes           | 5 6 7 8 10 12 13 | 13.3
Shields        | 4 |  4.4
Fighting       | |  2.4
Throwing       | |  1.7
Dodging        | |  2.4

Action                   |  1- 3 |  4- 6 |  7- 9 || total
-------------------------+-------+-------+-------++-------
Melee: War axe           |   117 |   193 |   190 ||   500
Throw: Throwing net      |       |     1 |     5 ||     6
  Use: Scroll            |       |     4 |     3 ||     7
 Stab: Sleeping          |     1 |       |       ||     1
       Held in net/web   |       |       |     5 ||     5
  Eat: Chunk             |     1 |     7 |     4 ||    12
       Ration            |       |     1 |     1 ||     2
Armor: Leather armour    |    30 |       |       ||    30
       Ring mail         |    17 |    41 |       ||    58
       Chain mail        |       |    29 |    59 ||    88
Dodge: Dodged            |   110 |    79 |    59 ||   248
Block: Buckler           |       |       |    20 ||    20
